 Dungeon Crawl Stone Soup version 0.31-a0-188-g5e087ee2ca (webtiles) character file.

Game seed: 3158217486720609751

4071 qw the Markself (level 10, 0/61 HPs)
             Began as a Deep Elf Hunter on June 23, 2023.
             Was a Believer of Okawaru.
             Slain by a wyvern (5 damage)
             ... on level 8 of the Dungeon.
             The game lasted 00:03:31 (7766 turns).

qw the Markself (Deep Elf Hunter)                   Turns: 7766, Time: 00:03:31

Health: 0/61       AC: 13    Str: 10    XL:     10   Next: 5%
Magic:  15/15      EV: 16    Int: 15    God:    Okawaru [**....]
Gold:   398        SH:  0    Dex: 18    Spells: 9/9 levels left

rFire   . . .        Y - +1 orcbow
rCold   . . .        (shield currently unavailable)
rNeg    . . .        d - +0 ring mail
rPois   .            (no helmet)
rElec   .            e - +0 cloak
rCorr   +            c - +2 pair of gloves
SInv    .            f - +1 pair of boots
Will    ++...        (no amulet)
Stlth   +++          h - ring of resist corrosion
HPRegen 0.30/turn    s - ring of willpower
MPRegen 0.14/turn

%: no passive effects
@: about to teleport, heroic
A: robust 1, weak 1, MP-powered wands
a: Renounce Religion, Heroism


You were on level 8 of the Dungeon.
You worshipped Okawaru.
Okawaru was pleased with you.
You visited 2 branches of the dungeon, and saw 9 of its levels.
You also visited: Ossuary.

You collected 398 gold pieces.


Innate Abilities, Weirdness & Mutations

You are robust. (+10% HP)
You are weak. (Str -2)
You expend magic power (3 MP) to strengthen your wands.


   Skills:
 + Level 4.1(9.1) Fighting
 - Level 16.0(21.0) Ranged Weapons
 - Level 2.1(7.1) Armour
 - Level 6.1(11.1) Dodging
 - Level 1.2(6.2) Stealth
 - Level 4.0 Invocations


You had 9 spell levels left.
You didn't know any spells.
Your spell library was empty.

Inventory:

Hand Weapons
 Y - a +1 orcbow (weapon)
Armour
 c - a +2 pair of gloves (worn)
 d - a +0 ring mail (worn)
 e - a +0 cloak (worn)
 f - a +1 pair of boots (worn)
 o - +0 acid dragon scales
Jewellery
 h - a ring of resist corrosion (left hand)
 r - a ring of ice
 s - a ring of willpower (right hand)
Wands
 k - a wand of digging (3)
Scrolls
 a - a scroll of teleportation
 m - a scroll of identify
Potions
 b - a potion of resistance
 g - 3 potions of curing
 i - a potion of enlightenment
 j - 5 potions of mutation
 l - 3 potions of might
 n - a potion of ambrosia {unknown}
 q - a potion of haste {unknown}

Dungeon Overview and Level Annotations

Branches:
Dungeon (8/15)             Temple (1/1) D:4         Ossuary (visited)
   Lair: D:8-11

Altars:
Ashenzari
Cheibriados
Dithmenos
Elyvilon
Fedhas
Gozag
Hepliaklqana
Kikubaaqudgha
Makhleb
Nemelex Xobeh
Okawaru
Qazlal
Ru
Sif Muna
Trog
Uskayaw
Vehumet
Xom
Yredelemnul
Zin
The Shining One

Annotations:
D:2 1 runed translucent door, Crazy Yiuf


Message History

Your base Dodging skill increases to level 6!
You shoot an arrow. The arrow completely misses the wyvern.
You are engulfed in a cloud of scalding steam.
You shoot an arrow. The arrow hits the wyvern.
The wyvern is lightly wounded.
You are engulfed in a cloud of scalding steam.
The wyvern bites you!
The wyvern is engulfed in a cloud of scalding steam.
The wyvern bites you.
You shoot an arrow.
The arrow hits the wyvern but does no damage.
The wyvern is heavily wounded.
You are engulfed in a cloud of scalding steam.
The wyvern barely misses you.
You shoot an arrow. The arrow closely misses the wyvern.
You are engulfed in a cloud of scalding steam.
The wyvern bites you.
You shoot an arrow.
The arrow hits the wyvern but does no damage.
The wyvern is moderately wounded.
The wyvern bites you. The wyvern barely misses you.
You shoot an arrow. The arrow barely misses the wyvern.
The wyvern bites you.
You shoot an arrow. The arrow closely misses the wyvern.
The wyvern misses you.
You shoot an arrow. The arrow completely misses the wyvern.
The wyvern closely misses you.
You shoot an arrow. The arrow barely misses the wyvern.
The wyvern barely misses you.
You shoot an arrow. The arrow barely misses the wyvern.
The wyvern misses you.
The wyvern bites you but does no damage.
You shoot an arrow. The arrow hits the wyvern!
The wyvern is almost dead.
The wyvern bites you!
7766 ||| READING 2 scrolls of teleportation.
As you read the scroll of teleportation, it crumbles to dust.
You feel strangely unstable. The wyvern bites you.
You die...

...# #.#
...# #.#
#### #.#
#)# #.#
#)# #.#
##### #)#
#.l@# #)#
#.#.#
#)### #
#.# #...#
#.# ###.#
#.# #.#
#.# #.#
#.# #.#
#.#####.#
#.......#


You could see a wyvern.

Vanquished Creatures
  A komodo dragon (D:6)
  A steam dragon (D:8)
  3 vampire mosquitoes (D:8)
  Menkaure (D:6)
  An acid dragon (D:8)
  An orc warrior (D:8)
  An ice beast (D:6)
  4 sky beasts
  An ogre (D:7)
  3 centaurs (D:6)
  A phantom (D:7)
  3 bullfrogs
  A kobold brigand (D:8)
  8 scorpions
  6 wights (D:8)
  A howler monkey (D:5)
  A jelly (D:6)
  5 hounds
  6 orc priests
  2 sleepcaps (D:5)
  Jessica (D:2)
  A gnoll bouda (D:8)
  4 orc wizards
  2 iguanas
  5 mummies (Ossuary)
  7 gnolls
  9 adders
  3 shadow imps
  2 white imps (D:6)
  3 ufetubi
  A worm (D:3)
  3 dart slugs
  35 orcs
  12 bats
  4 endoplasms
  3 giant cockroaches
  9 goblins
  6 hobgoblins
  14 kobolds
  4 quokkas
  13 ball pythons
  A goblin zombie (D:6)
  6 hobgoblin zombies (Ossuary)
  7 rats
  A rat zombie (D:6)
207 creatures vanquished.

Notes
Turn   | Place    | Note
-------+----------+-------------------------------------------
     0 | D:1      | qw the Deep Elf Hunter began the quest for the Orb.
     0 | D:1      | Reached XP level 1. HP: 12/12 MP: 3/3
     0 | D:1      | 0 ||| qw: Version: 0.3-a-9-g12657ce
     0 | D:1      | 0 ||| qw: Game counter: 3750
     0 | D:1      | 0 ||| qw: Always use a shield: true
     0 | D:1      | 0 ||| qw: God list: Okawaru
     0 | D:1      | 0 ||| qw: Allow faded altars: false
     0 | D:1      | 0 ||| qw: Do Orc after D:15 true
     0 | D:1      | 0 ||| qw: Do second Lair branch before Depths: true
     0 | D:1      | 0 ||| qw: Lair rune preference: random
     0 | D:1      | 0 ||| qw: Plans: Normal
     0 | D:1      | 0 ||| PLANNING D:1-11
   150 | D:1      | Reached skill level 6 in Ranged Weapons
   150 | D:1      | Reached XP level 2. HP: 16/16 MP: 4/4
   456 | D:1      | Reached XP level 3. HP: 20/20 MP: 5/5
   563 | D:1      | 563 ||| UPGRADING to +0 ring mail.
   573 | D:1      | 573 ||| DROPPING +0 leather armour.
   574 | D:1      | 574 ||| DROPPING amulet of magic regeneration.
   575 | D:1      | 575 ||| UPGRADING to ring of resist corrosion.
   576 | D:1      | 576 ||| READING scroll labelled ZERAMA FYKI.
   577 | D:1      | 577 ||| DROPPING scroll of butterflies.
   579 | D:1      | 579 ||| Stepping ~*~*~tactically~*~*~ (cloud).
   584 | D:1      | HP: 5/20 [poisoned by you (poison gas)]
   588 | D:1      | HP: 2/20 [poisoned by you (poison gas)]
   884 | D:2      | Found a runed translucent door.
   885 | D:2      | Noticed Crazy Yiuf
  1041 | D:2      | Reached skill level 7 in Ranged Weapons
  1100 | D:2      | Noticed Jessica
  1103 | D:2      | Killed Jessica
  1104 | D:2      | Reached XP level 4. HP: 25/25 MP: 6/6
  1523 | D:2      | Found a faded altar of an unknown god.
  1900 | D:2      | 1900 ||| UPGRADING to +0 cloak.
  1905 | D:2      | 1905 ||| UPGRADING to +0 pair of boots.
  1910 | D:2      | 1910 ||| READING scroll labelled QYOS ZUKIYK.
  1911 | D:2      | 1911 ||| READING scroll labelled KEJ YJUPUQEU.
  1912 | D:2      | 1912 ||| READING scroll labelled ZIUPHO LIENT.
  2021 | D:2      | 2021 ||| READING scroll labelled SAETOZ ECIHES.
  2022 | D:2      | 2022 ||| DRINKING 2 murky brown potions.
  2058 | D:2      | 2058 ||| DRINKING 2 inky potions.
  2059 | D:2      | 2059 ||| DROPPING potion of lignification.
  2099 | D:3      | 2099 ||| STAIRDANCE
  2110 | D:2      | Reached skill level 8 in Ranged Weapons
  2249 | D:3      | 2249 ||| STAIRDANCE
  2780 | D:3      | Reached XP level 5. HP: 29/29 MP: 7/7
  2988 | D:3      | 2988 ||| READING scroll labelled TUVINILALLU.
  2989 | D:3      | 2989 ||| READING scroll labelled REPANTI IRYOH.
  3054 | D:4      | Found a staircase to the Ecumenical Temple.
  3055 | D:4      | 3055 ||| PLANNING TEMPLE
  3063 | Temple   | Entered the Ecumenical Temple
  3064 | Temple   | 3064 ||| PLANNING OKAWARU WORSHIP
  3221 | Temple   | Became a worshipper of Warmaster Okawaru
  3222 | Temple   | 3222 ||| PLANNING D:1-11
  3308 | D:4      | HP: 4/29 [iguana (4)]
  3322 | D:4      | 3322 ||| FLEEEEING.
  3481 | D:4      | Reached skill level 9 in Ranged Weapons
  3732 | D:4      | 3732 ||| READING scroll labelled QAYWNUE SAJUBB.
  3733 | D:4      | 3733 ||| READING scroll labelled YBUANW ESKIJ.
  3734 | D:4      | 3734 ||| READING scroll labelled JEYWOE VI RUI.
  3735 | D:4      | 3735 ||| DRINKING 2 brown potions.
  3736 | D:4      | 3736 ||| DRINKING 3 viscous inky potions.
  3736 | D:4      | Gained mutation: You are robust. (+10% HP) [potion of
                  | mutation]
  3736 | D:4      | Gained mutation: You are weak. (Str -2) [potion of
                  | mutation]
  3736 | D:4      | Gained mutation: You expend magic power (3 MP) to
                  | strengthen your wands. [potion of mutation]
  3748 | D:4      | 3748 ||| DRINKING 4 blue potions.
  3749 | D:4      | 3749 ||| DROPPING 3 potions of degeneration.
  3784 | D:5      | Entered Level 5 of the Dungeon
  3844 | D:5      | Reached XP level 6. HP: 39/39 MP: 8/8
  3882 | D:5      | 3882 ||| READING scroll of enchant armour.
  3882 | D:5      | 3882 ||| ENCHANTING +0 pair of boots.
  3896 | D:5      | Reached skill level 1 in Armour
  3925 | D:5      | Reached * piety under Okawaru
  4040 | D:5      | Reached skill level 1 in Invocations
  4198 | D:5      | Reached XP level 7. HP: 44/44 MP: 8/10
  4224 | D:5      | Reached skill level 10 in Ranged Weapons
  4561 | D:5      | 4561 ||| INVOKING Heroism.
  4563 | D:5      | Reached skill level 3 in Invocations
  4638 | D:5      | Reached skill level 3 in Dodging
  4808 | D:5      | 4808 ||| DRINKING 2 black potions.
  4809 | D:5      | 4809 ||| READING 2 scrolls of identify.
  4809 | D:5      | 4809 ||| IDENTIFYING silvery potion
  4821 | D:6      | 4821 ||| PLANNING OSSUARY
  4821 | D:6      | 4821 ||| INVOKING Heroism.
  4843 | D:6      | Reached ** piety under Okawaru
  4844 | D:6      | Reached skill level 11 in Ranged Weapons
  4844 | D:6      | Reached XP level 8. HP: 49/49 MP: 13/13
  4891 | D:6      | 4891 ||| INVOKING Heroism.
  5174 | D:6      | Found a sand-covered staircase.
  5185 | Ossuary  | Entered an ossuary
  5268 | Ossuary  | 5268 ||| FLEEEEING.
  5269 | Ossuary  | 5269 ||| FLEEEEING.
  5270 | Ossuary  | 5270 ||| FLEEEEING.
  5271 | Ossuary  | 5271 ||| FLEEEEING.
  5296 | Ossuary  | 5296 ||| FLEEEEING.
  5297 | Ossuary  | 5297 ||| FLEEEEING.
  5301 | Ossuary  | Reached skill level 12 in Ranged Weapons
  5438 | Ossuary  | 5438 ||| READING scroll of brand weapon.
  5438 | Ossuary  | 5438 ||| BRANDING +1 shortbow of chaos.
  5443 | Ossuary  | 5443 ||| READING scroll labelled ORAAMUWUPT.
  5444 | Ossuary  | 5444 ||| DRINKING 2 metallic pink potions.
  5453 | D:6      | 5453 ||| PLANNING D:1-11
  5475 | D:6      | Reached skill level 3 in Fighting
  5644 | D:6      | Noticed Menkaure
  5645 | D:6      | 5645 ||| INVOKING Heroism.
  5647 | D:6      | Killed Menkaure
  5883 | D:6      | Noticed a komodo dragon
  5890 | D:6      | 5890 ||| INVOKING Heroism.
  5894 | D:6      | HP: 6/50 [centaur/arrow (11)]
  5895 | D:6      | 5895 ||| DRINKING 2 potions of heal wounds.
  5903 | D:6      | Reached skill level 13 in Ranged Weapons
  5908 | D:6      | HP: 12/50 [adder (3)]
  5909 | D:6      | 5909 ||| DRINKING potion of heal wounds.
  5913 | D:6      | 5913 ||| INVOKING Heroism.
  5977 | D:6      | 5977 ||| DRINKING 2 emerald potions.
  5978 | D:6      | 5978 ||| DROPPING potion of invisibility.
  5984 | D:6      | 5984 ||| INVOKING Heroism.
  5988 | D:6      | Killed a komodo dragon
  5989 | D:6      | Reached XP level 9. HP: 55/55 MP: 11/14
  6013 | D:6      | 6013 ||| SWAPPING to +0 orcbow.
  6014 | D:6      | 6014 ||| DROPPING +1 heavy shortbow.
  6160 | D:6      | 6160 ||| UPGRADING to +2 pair of gloves.
  6273 | D:7      | Reached skill level 14 in Ranged Weapons
  6342 | D:7      | 6342 ||| INVOKING Heroism.
  6385 | D:7      | 6385 ||| INVOKING Heroism.
  6469 | D:7      | 6469 ||| FLEEEEING.
  6470 | D:7      | 6470 ||| FLEEEEING.
  6471 | D:7      | 6471 ||| FLEEEEING.
  6550 | D:7      | 6550 ||| UPGRADING to ring of willpower.
  6551 | D:7      | 6551 ||| READING scroll labelled DANNAE VUXAREL.
  6552 | D:7      | 6552 ||| READING scroll labelled CUECUD ZUEHIR.
  6714 | D:7      | 6714 ||| DRINKING 2 fuming purple potions.
  6819 | D:7      | 6819 ||| DROPPING potion of berserk rage.
  6860 | D:8      | Reached *** piety under Okawaru
  6861 | D:8      | Reached skill level 15 in Ranged Weapons
  6866 | D:8      | 6866 ||| Stepping ~*~*~tactically~*~*~ (outnumbered).
  6873 | D:8      | 6873 ||| INVOKING Heroism.
  6891 | D:8      | 6891 ||| INVOKING Heroism.
  6905 | D:8      | 6905 ||| FLEEEEING.
  6906 | D:8      | 6906 ||| FLEEEEING.
  6907 | D:8      | 6907 ||| FLEEEEING.
  6908 | D:8      | 6908 ||| FLEEEEING.
  6909 | D:8      | 6909 ||| FLEEEEING.
  6910 | D:8      | 6910 ||| FLEEEEING.
  6911 | D:8      | 6911 ||| FLEEEEING.
  6912 | D:8      | 6912 ||| FLEEEEING.
  6913 | D:8      | 6913 ||| FLEEEEING.
  6914 | D:8      | 6914 ||| FLEEEEING.
  6916 | D:8      | 6916 ||| STAIRDANCE
  7065 | D:8      | 7065 ||| INVOKING Heroism.
  7218 | D:8      | 7218 ||| Stepping ~*~*~tactically~*~*~ (outnumbered).
  7221 | D:8      | 7221 ||| Stepping ~*~*~tactically~*~*~ (outnumbered).
  7228 | D:8      | 7228 ||| INVOKING Heroism.
  7246 | D:8      | Reached skill level 16 in Ranged Weapons
  7259 | D:8      | 7259 ||| INVOKING Heroism.
  7353 | D:8      | Identified the +11 falchion "Beetlebane" {freeze, *Noise
                  | Will+ Int+2}
  7396 | D:8      | 7396 ||| READING scroll of enchant weapon.
  7396 | D:8      | 7396 ||| ENCHANTING +0 orcbow.
  7498 | D:8      | 7498 ||| FLEEEEING.
  7499 | D:8      | 7499 ||| FLEEEEING.
  7680 | D:8      | 7680 ||| INVOKING Heroism.
  7683 | D:8      | Reached XP level 10. HP: 50/61 MP: 12/15
  7751 | D:8      | 7751 ||| INVOKING Heroism.
  7755 | D:8      | Reached skill level 6 in Dodging
  7765 | D:8      | HP: 5/61 [wyvern (13)]
  7766 | D:8      | 7766 ||| READING 2 scrolls of teleportation.
  7766 | D:8      | Slain by a wyvern

Levels and vault maps discovered:
D:1:      minmay_arrival_shoal_huts, layout_loops_ring
D:2:      layout_loops_corners, nicolae_ecumenical_snake_handling,
          solitary_fountain, minmay_pentomino_q2, uniq_crazy_yiuf_cottage,
          uniq_jessica
D:3:      wad_pebble_path, layout_loops_ring, minmay_distorted
D:4:      layout_basic, minmay_temple_entry_trees
D:5:      layout_basic, grunt_ministairs_3
D:6:      layout_basic, enter_ossuary_4, grunt_potential, uniq_menkaure
D:7:      layout_rooms, due_unseen_surprise
D:8:      layout_basic, uniq_amaemon, uniq_grum
Temple:   nicolae_temple_bog_church

Skill      XL: |  1  2  3  4  5  6  7  8  9 10 |
---------------+-------------------------------+-----
Ranged Weapons | 6 7 8 9 11 13 16 | 16.0
Fighting       | 2 3 4 |  4.1
Armour         | 1 2 |  2.1
Invocations    | 1 4 |  4.0
Dodging        | 3 4 5 6 |  6.1
Stealth        | |  1.2

Action                     |  1- 3 |  4- 6 |  7- 9 | 10-12 || total
---------------------------+-------+-------+-------+-------++-------
   Fire: Shortbow          |   117 |   196 |   195 |       ||   508
         Orcbow            |       |       |   218 |    27 ||   245
 Invoke: Heroism           |       |       |    15 |     1 ||    16
    Use: Scroll            |     1 |    10 |     6 |     1 ||    18
         Potion            |       |     5 |     6 |       ||    11
 Armour: Leather armour    |     3 |       |       |       ||     3
         Ring mail         |    12 |    62 |    85 |     2 ||   161
  Dodge: Dodged            |    36 |    88 |   148 |     7 ||   279

Table legend:
 A = Non-vault XP
 B = Vault XP
 C = Vault XP percentage of total XP
 D = Non-vault monster count
 E = Vault monster count
 F = Vault count percentage of total count
                 A         B        C        D         E       F
            +---------+---------+-------+---------+---------+-------
      Total |    4604 |    1213 |  20.9 |     171 |      36 |  17.4
            +---------+---------+-------+---------+---------+-------
        D:1 |      44 |       0 |   0.0 |      25 |       0 |   0.0
        D:2 |      63 |      56 |  47.1 |      25 |       6 |  19.4
        D:3 |      29 |      18 |  38.3 |      13 |       3 |  18.8
        D:4 |     113 |       0 |   0.0 |      13 |       0 |   0.0
        D:5 |     856 |     160 |  15.7 |      25 |       2 |   7.4
        D:6 |     578 |     883 |  60.4 |      15 |      14 |  48.3
        D:7 |    1120 |       0 |   0.0 |      23 |       0 |   0.0
        D:8 |    1801 |       0 |   0.0 |      32 |       0 |   0.0
    Ossuary |       0 |      96 | 100.0 |       0 |      11 | 100.0
            +---------+---------+-------+---------+---------+-------
